Map: Site Delta LE

Players

Geralt (Gerald)

  • Race: Protoss Protoss
  • League: Grandmaster
  • Spawn Location: 5:00

ProtossFan (uThermal) - Winner!

  • Race: Terran Terran
  • League: Grandmaster
  • Spawn Location: 11:00

Event: HomeStory Cup XXV

VOD

Have the link to the VOD?

Description

Time

  • Played on: June 21, 2024, 4:26 p.m.
  • Length: 8:15

All games in this series

Show
View Real Time Build Order
Export as new Build Order

Geralt Protoss 

Build Orders: 1 Gate Expand, Oracle Opening, Phoenix Opening 

Get SALT Encoding   

  12  0:00  Probe  
  13  0:12  Probe  
  14  0:17  Pylon  
  14  0:24  Probe (Chrono Boost)  
  16  0:37  Gateway, Probe (Chrono Boost)  
  16  0:42  Probe (Chrono Boost)  
  16  0:46  Assimilator  
  17  0:51  Probe  
  18  1:03  Probe  
  19  1:15  Probe  
  20  1:24  Cybernetics Core  
  22  1:27  Probe  
  23  1:34  Nexus  
  23  1:39  Probe  
  22  1:48  Pylon  
  22  1:51  Probe  
  22  1:53  Assimilator  
  22  2:03  Adept (Chrono Boost)  
  22  2:07  Probe  
  25  2:13  Pylon  
  25  2:19  Probe  
  26  2:27  Stargate  
  26  2:31  Adept, Probe  
  29  2:39  Warp Gate (Chrono Boost)  
  29  2:43  Probe  
  30  2:47  Probe  
  31  2:55  Probe  
  32  2:59  Probe  
  32  3:00  Adept  
  35  3:08  Oracle (Chrono Boost), Probe  
  35  3:11  Probe  
  40  3:16  Shield Battery  
  40  3:20  Probe  
  40  3:24  Probe  
  42  3:28  Assimilator  
  42  3:32  Twilight Council, Probe  
  43  3:36  Probe  
  44  3:44  Probe  
  44  3:48  Probe  
  44  3:50  Phoenix  
  46  3:56  Probe  
  46  3:59  Gateway  
  46  4:00  Probe  
  48  4:08  Probe  
  47  4:11  Blink (Chrono Boost)  
  47  4:12  Probe  
  45  4:20  Probe  
  45  4:23  Stalker  
  48  4:24  Probe  
  49  4:32  Probe  
  49  4:36  Probe  
  49  4:37  Nexus  
  51  4:44  Probe  
  52  4:50  Probe  
  53  4:56  Probe  
  53  4:59  Pylon  
  54  5:01  Gateway  
  54  5:03  Gateway  
  54  5:04  Pylon  
  54  5:08  Forge  
  54  5:10  Gateway  
  54  5:15  Gateway  
  54  5:17  Probe x2  
  54  5:20  Stalker x2  
  60  5:29  Probe  
  59  5:38  Probe  
  59  5:42  Probe  
  61  5:44  Gateway  
  61  5:45  Stalker  
  61  5:46  Stalker, Pylon  
  65  5:50  Probe  
  64  5:57  Stalker  
  50  6:04  Stalker  
  50  6:10  Probe (Chrono Boost)  
  50  6:11  Probe (Chrono Boost)  
  49  6:17  Stalker x2, Probe (Chrono Boost)  
  53  6:22  Pylon  
  55  6:26  Probe (Chrono Boost)  
  55  6:28  Probe (Chrono Boost)  
  55  6:31  Gateway, Probe x2 (Chrono Boost)  
  57  6:34  Charge (Chrono Boost)  
  57  6:36  Probe  
  58  6:41  Probe  
  58  6:44  Probe  
  58  6:45  Zealot x2, Sentry  
  66  6:48  Probe  
  66  6:52  Templar Archives  
  67  6:57  Probe  
  67  6:58  Probe  
  67  7:00  Probe  
  70  7:04  Pylon  
  70  7:06  Zealot  
  72  7:09  Probe  
  72  7:11  Zealot x2  
  72  7:13  Probe x2  
  79  7:25  Gateway  
  79  7:31  Gateway  
  79  7:32  Gateway  
  79  7:36  Zealot x2  
  83  7:37  Pylon  
  77  7:44  Zealot x4  
  77  7:48  Zealot  
  81  7:59  Probe  
  59  8:06  Zealot x6  
Show
View Real Time Build Order
Export as new Build Order

ProtossFan Terran - Winner!

Build Orders:  

Get SALT Encoding   

  12  0:00  SCV  
  13  0:12  SCV  
  14  0:17  Supply Depot  
  14  0:24  SCV  
  15  0:38  SCV  
  15  0:39  Barracks  
  15  0:42  Refinery  
  16  0:50  SCV  
  17  1:03  SCV  
  18  1:15  SCV  
  19  1:26  Marine  
  19  1:27  Orbital Command  
  20  1:41  Command Center  
  20  1:45  Barracks Reactor  
  20  1:51  Supply Depot  
  20  1:56  SCV  
  21  2:08  SCV  
  22  2:20  SCV  
  22  2:22  Marine x2  
  25  2:28  Command Center  
  25  2:32  SCV  
  26  2:40  Reaper x2  
  28  2:45  SCV  
  28  2:46  Barracks  
  28  2:53  Orbital Command  
  28  2:57  SCV  
  29  3:04  Barracks  
  29  3:09  SCV  
  29  3:12  Marine x2  
  32  3:18  SCV  
  33  3:21  SCV  
  33  3:25  Refinery  
  34  3:30  Marine x2  
  34  3:31  SCV  
  37  3:34  SCV  
  37  3:43  Barracks Tech Lab, SCV  
  37  3:51  Barracks Tech Lab, Marine x2  
  37  3:52  SCV  
  40  3:55  Orbital Command  
  40  3:57  SCV, Factory  
  41  4:03  Marine  
  41  4:05  SCV  
  41  4:07  Stimpack  
  41  4:09  SCV  
  42  4:11  Marine x2  
  42  4:16  Combat Shield  
  41  4:18  SCV  
  41  4:22  SCV  
  43  4:25  SCV  
  43  4:27  Marine  
  43  4:28  Marine  
  43  4:29  Marine x2  
  43  4:30  SCV  
  48  4:34  SCV  
  48  4:36  Engineering Bay  
  48  4:37  SCV  
  50  4:42  SCV  
  50  4:43  Bunker  
  50  4:44  Starport  
  50  4:45  Marine, Factory Reactor  
  51  4:49  Marine  
  51  4:50  Marauder  
  51  4:51  SCV  
  55  4:56  SCV  
  55  4:57  Marine  
  56  5:00  Supply Depot  
  56  5:01  SCV  
  56  5:04  SCV, Marauder  
  60  5:07  Marine  
  60  5:09  Refinery  
  60  5:10  Refinery  
  60  5:13  Supply Depot  
  61  5:22  SCV x2, Marine, Marauder  
  61  5:27  Barracks  
  61  5:28  Barracks  
  66  5:34  SCV x2, Marine, Factory Reactor  
  66  5:35  Marauder  
  71  5:39  Terran Infantry Weapons Level 1  
  71  5:46  SCV  
  72  5:51  Medivac  
  72  5:52  SCV  
  72  5:54  Marine  
  72  5:55  Marauder  
  74  5:57  Medivac  
  74  5:58  SCV  
  75  6:08  Marine  
  75  6:09  Marauder  
  73  6:13  SCV  
  73  6:17  Supply Depot  
  69  6:18  Barracks Tech Lab x2  
  69  6:19  Widow Mine x2  
  69  6:21  SCV, Medivac  
  69  6:25  SCV  
  77  6:27  Orbital Command, Concussive Shells  
  77  6:33  Supply Depot  
  77  6:34  Marine x3  
  77  6:35  Marauder  
  77  6:36  SCV  
  77  6:38  Marine  
  84  6:43  Widow Mine x2  
  88  6:48  Marine  
  88  6:50  SCV  
  88  6:53  Marauder  
  92  6:55  SCV x2  
  92  6:57  Marine x2, Missile Turret  
  92  6:58  Marine  
  97  7:02  SCV  
  97  7:04  Marine, Widow Mine  
  101  7:08  Supply Depot  
  101  7:11  Supply Depot  
  101  7:14  Supply Depot  
  101  7:16  Marine, Marauder  
  101  7:17  Marine  
  101  7:18  SCV  
  106  7:23  Medivac  
  106  7:26  SCV  
  106  7:27  Supply Depot  
  106  7:29  Marine  
  109  7:30  Marine, Widow Mine, Medivac  
  109  7:33  SCV  
  109  7:36  SCV  
  116  7:43  SCV  
  115  7:45  Supply Depot, Widow Mine  
  116  7:51  SCV, Widow Mine  
  116  7:52  Marine  
  116  7:53  Supply Depot, Marine x2  
  116  7:55  Supply Depot  
Tags
 
Add a new tag
Caveats
  • Supply blocks, unpowered buildings, or Contaminate may cause inaccurate times.
  • Supply counts are checked every 10 seconds.